Map: Post-Youth LE

Players

Lambo

  • Race: Zerg Zerg
  • League: Grandmaster
  • Spawn Location: 7:00

LiquidClem (Clem) - Winner!

  • Race: Terran Terran
  • League: Grandmaster
  • Spawn Location: 1:00

VOD

Have the link to the VOD?

Description

Time

  • Played on: June 15, 2024, 12:13 p.m.
  • Length: 9:22
Show
View Real Time Build Order
Export as new Build Order

Lambo Zerg 

Build Orders: Hatch First 

Get SALT Encoding   

  12  0:00  Drone  
  13  0:13  Overlord  
  13  0:17  Drone  
  14  0:31  Drone x2  
  16  0:48  Hatchery  
  15  0:52  Drone  
  15  0:56  Drone  
  17  0:59  Drone  
  18  1:09  Extractor  
  17  1:15  Spawning Pool  
  17  1:18  Drone  
  17  1:22  Drone  
  18  1:28  Drone  
  19  1:39  Drone  
  20  1:49  Drone  
  21  2:02  Queen x2  
  21  2:04  Zergling x4  
  27  2:11  Drone  
  27  2:13  Overlord  
  28  2:24  Drone  
  28  2:32  Drone x2  
  28  2:33  Overlord  
  30  2:37  Queen  
  30  2:38  Queen  
  30  2:42  Spore Crawler  
  34  2:45  Drone x2  
  36  2:55  Drone x2  
  38  3:01  Roach Warren  
  37  3:08  Overlord  
  37  3:09  Drone  
  38  3:14  Drone  
  38  3:17  Drone x4  
  38  3:19  Drone  
  44  3:25  Overlord  
  44  3:26  Overlord  
  44  3:42  Drone x4  
  53  3:48  Roach x3  
  53  3:49  Roach x2  
  53  3:53  Roach  
  58  4:03  Evolution Chamber  
  55  4:13  Drone x4  
  59  4:17  Drone x4  
  59  4:18  Hatchery  
  59  4:19  Drone  
  59  4:23  Ravager x2  
  59  4:24  Drone x3  
  68  4:28  Extractor  
  68  4:29  Extractor  
  68  4:30  Extractor  
  66  4:31  Drone  
  66  4:33  Overlord  
  66  4:38  Overlord  
  66  4:40  Lair  
  66  4:43  Evolution Chamber, Overlord  
  65  4:50  Queen  
  65  4:52  Overlord  
  67  4:54  Drone  
  67  4:55  Overlord  
  67  4:56  Overlord  
  68  5:03  Drone x4  
  72  5:09  Drone  
  72  5:10  Zerg Ground Armor Level 1  
  73  5:15  Drone x2  
  73  5:16  Zerg Missile Weapons Level 1  
  75  5:23  Drone x3  
  78  5:29  Drone x4  
  78  5:30  Drone  
  83  5:37  Drone, Extractor  
  83  5:39  Glial Reconstitution, Extractor  
  83  5:41  Roach  
  83  5:42  Roach  
  86  5:43  Metabolic Boost  
  86  5:48  Roach  
  88  5:50  Drone, Overseer  
  88  5:52  Drone  
  88  5:55  Drone x5  
  95  5:59  Zergling x2  
  95  6:01  Zergling x2  
  95  6:03  Drone x3  
  100  6:14  Overlord  
  100  6:15  Drone, Hatchery  
  100  6:17  Spore Crawler  
  99  6:21  Infestation Pit  
  99  6:22  Roach  
  99  6:23  Roach x2  
  99  6:25  Roach  
  106  6:29  Roach x3  
  112  6:34  Baneling Nest  
  112  6:36  Roach x3  
  112  6:37  Drone  
  118  6:43  Roach  
  118  6:44  Roach  
  121  6:48  Overlord  
  121  6:50  Overlord  
  121  6:51  Overlord  
  118  6:54  Overlord  
  118  6:56  Overlord  
  118  6:58  Overlord  
  113  7:01  Drone x7  
  120  7:10  Roach x5  
  120  7:13  Zerg Melee Weapons Level 1  
  130  7:17  Ravager x3  
  133  7:26  Hive  
  133  7:27  Drone x4  
  137  7:34  Drone x2  
  137  7:36  Spore Crawler  
  138  7:37  Zergling x14  
  144  7:44  Drone x3  
  144  7:47  Infestor, Extractor  
  144  7:48  Infestor  
  144  7:49  Zergling x8  
  154  7:59  Zergling x2  
  154  8:00  Zergling x4  
  154  8:04  Zergling x8  
  159  8:05  Hatchery, Overlord  
  159  8:08  Centrifugal Hooks, Overlord  
  159  8:10  Overlord  
  159  8:11  Overlord  
  154  8:16  Zergling x2  
  154  8:17  Zergling x10  
  144  8:21  Zergling x6  
  144  8:23  Baneling x4  
  144  8:25  Baneling x6  
  142  8:30  Roach x5  
  131  8:34  Zergling x8  
  131  8:38  Ravager x2  
  132  8:42  Zergling x18  
  132  8:44  Zergling x2  
  131  8:51  Viper  
  131  8:53  Viper  
  131  8:54  Zergling x4  
  136  8:55  Ravager  
  136  8:56  Baneling  
  136  8:57  Baneling x2  
  136  8:58  Zergling x6  
  138  9:04  Zergling x12  
Show
View Real Time Build Order
Export as new Build Order

LiquidClem Terran - Winner!

Build Orders: Reaper Expand 

Get SALT Encoding   

  12  0:00  SCV  
  13  0:12  SCV  
  14  0:17  Supply Depot  
  14  0:24  SCV  
  15  0:38  SCV  
  15  0:40  Barracks  
  16  0:44  Refinery  
  16  0:51  SCV  
  17  1:03  SCV  
  18  1:15  SCV  
  19  1:28  Reaper, Orbital Command  
  20  1:41  Command Center  
  20  1:48  Supply Depot  
  20  1:55  SCV  
  20  2:00  Reaper  
  22  2:07  SCV  
  23  2:19  SCV  
  24  2:23  Factory  
  24  2:31  SCV  
  25  2:42  Barracks Reactor  
  25  2:43  SCV  
  26  2:46  Command Center  
  26  2:54  Orbital Command  
  26  2:55  SCV  
  27  3:07  SCV  
  27  3:10  Barracks  
  28  3:19  SCV  
  29  3:21  Hellion x2  
  29  3:23  Barracks Tech Lab  
  29  3:24  SCV  
  34  3:31  SCV  
  35  3:36  SCV  
  36  3:42  Marine, Stimpack  
  36  3:43  SCV  
  36  3:48  SCV, Refinery  
  39  3:55  SCV  
  39  4:00  Marine, SCV, Orbital Command  
  39  4:02  Starport  
  42  4:09  SCV  
  42  4:12  Marine x2  
  42  4:14  Factory Tech Lab  
  42  4:15  SCV  
  42  4:18  Marine  
  42  4:19  Refinery, Supply Depot, Barracks  
  42  4:21  SCV  
  42  4:25  SCV  
  42  4:27  Bunker, SCV  
  42  4:30  Marine x2  
  46  4:33  SCV  
  46  4:37  SCV, Siege Tank  
  46  4:38  Marine  
  51  4:39  Supply Depot, SCV  
  54  4:45  SCV  
  54  4:47  Refinery  
  54  4:48  Marine x2, Starport Reactor  
  54  4:52  Engineering Bay  
  56  4:54  Engineering Bay, SCV  
  56  4:57  SCV, Orbital Command  
  56  4:58  Marine  
  59  5:03  Supply Depot  
  59  5:05  Marine  
  59  5:06  SCV  
  61  5:08  Marine  
  61  5:09  SCV  
  64  5:14  Siege Tank  
  64  5:18  SCV  
  64  5:19  Marine, Barracks Reactor  
  68  5:22  SCV  
  68  5:23  Supply Depot  
  68  5:25  Marine, Supply Depot  
  68  5:26  SCV  
  71  5:28  Medivac  
  71  5:30  SCV, Medivac  
  71  5:31  Marine  
  71  5:34  SCV  
  78  5:36  Combat Shield  
  78  5:38  SCV  
  78  5:40  Supply Depot  
  78  5:41  Marine  
  81  5:42  SCV  
  81  5:46  SCV  
  81  5:47  Barracks  
  81  5:49  Terran Infantry Weapons Level 1  
  82  5:52  Barracks  
  82  5:55  Marine x2  
  82  5:56  Marine  
  85  5:58  Terran Infantry Armor Level 1  
  85  6:01  SCV x2, Supply Depot  
  85  6:02  SCV  
  85  6:03  Marine  
  89  6:06  Marine  
  89  6:09  Supply Depot  
  90  6:12  Siege Tank  
  90  6:13  Marine, SCV x2  
  90  6:15  Marine x2  
  98  6:21  Marine, Supply Depot, SCV  
  98  6:24  Marine, Refinery  
  101  6:26  Refinery  
  101  6:31  Marine  
  102  6:33  Marine, Factory  
  102  6:34  Armory, SCV  
  102  6:37  SCV  
  102  6:38  Marine  
  102  6:39  Supply Depot, Barracks Reactor  
  106  6:40  Barracks Reactor  
  106  6:43  Supply Depot, Medivac  
  106  6:45  SCV  
  106  6:46  SCV  
  110  6:48  Marine  
  110  6:49  Marine  
  110  6:50  Marine  
  110  6:53  Marine  
  112  6:54  SCV  
  112  6:56  Marine, Siege Tank  
  112  7:00  SCV  
  117  7:01  Supply Depot  
  117  7:02  SCV  
  117  7:06  Marine  
  119  7:10  Command Center  
  119  7:13  Marine, Medivac  
  119  7:14  Marine  
  123  7:17  Marine x2, Supply Depot  
  123  7:18  Marine  
  123  7:20  Factory Tech Lab  
  123  7:21  Marine x2  
  123  7:22  Marine  
  129  7:24  Marine  
  129  7:27  Medivac  
  132  7:31  Marine  
  132  7:35  Siege Tank  
  132  7:37  Marine x3  
  136  7:38  Marine  
  136  7:39  Marine x2  
  136  7:42  Siege Tank  
  145  7:48  Sensor Tower, Supply Depot  
  145  7:51  Marine x2, Marauder  
  145  7:54  Marine, Supply Depot  
  145  7:55  Marine  
  151  7:59  Marine x3  
  151  8:03  Marine  
  152  8:08  Siege Tank  
  152  8:09  Marine x2  
  152  8:10  Supply Depot  
  152  8:12  Marine  
  153  8:14  Siege Tank  
  153  8:15  Marine  
  153  8:16  Medivac  
  153  8:17  Marine  
  149  8:20  Marine, Medivac  
  149  8:24  SCV  
  149  8:25  SCV x2  
  153  8:27  Marine  
  153  8:28  Marine x4  
  153  8:32  Marine  
  153  8:33  Marine  
  147  8:38  Barracks  
  147  8:40  Barracks  
  141  8:41  Siege Tank  
  141  8:42  Marine  
  141  8:46  Marine x3, Medivac  
  141  8:48  Marine  
  144  8:50  Medivac  
  144  8:51  SCV  
  144  8:52  SCV  
  144  8:55  Barracks  
  146  8:56  Marine, SCV  
  146  9:00  Sensor Tower  
  146  9:02  Marine  
  143  9:22  Refinery  
Tags
 
Add a new tag
Caveats
  • Supply blocks, unpowered buildings, or Contaminate may cause inaccurate times.
  • Supply counts are checked every 10 seconds.